 Dungeon Crawl Stone Soup version 0.24.0-1-gfbc8707122 (webtiles) character file.

Game seed: 5337615565466478342, levelgen mode: deterministic

590 Kairok the Sneak (level 7, -1/35 HPs)
             Began as a Vine Stalker Assassin on Oct 27, 2019.
             Was a Follower of Uskayaw.
             Slain by Duvessa
             ... wielding a +2 rapier of electrocution
              (15 damage)
             ... on level 5 of the Dungeon on Oct 28, 2019.
             The game lasted 00:09:40 (4090 turns).

Kairok the Sneak (Vine Stalker Assassin)            Turns: 4090, Time: 00:09:41

Health: -1/35      AC:  5    Str: 14    XL:     7   Next: 38%
Magic:  0/8        EV: 14    Int: 11    God:    Uskayaw [*.....]
Gold:   236        SH:  0    Dex: 17    Spells: 6/6 levels left

rFire    + . .     SeeInvis .   a - +2 dagger
rCold    . . .     Gourm    .   (no shield)
rNeg     . . .     Faith    .   m - +1 robe {rF+}
rPois    .         Spirit   +   (no helmet)
rElec    .         Reflect  .   c - +0 cloak
rCorr    .         Harm     .   u - +0 pair of gloves
MR       .....                  (no boots)
Stlth    ++++......             (no amulet)
HPRegen  0.51/turn              y - +1 ring of evasion
MPRegen  0.11/turn              (no ring)

@: studying Transmutations
A: fangs 2, regeneration 1, magic shield, antimagic bite, no potion heal 3, rot
immunity
a: Stomp, Renounce Religion


You were on level 5 of the Dungeon.
You worshipped Uskayaw.
Uskayaw was noncommittal.
You were not hungry.

You visited 2 branches of the dungeon, and saw 6 of its levels.

You collected 236 gold pieces.

Inventory:

Hand Weapons
 a - a +2 dagger (weapon)
Missiles
 d - 35 poisoned darts (quivered)
 e - 2 curare-tipped darts
 h - a throwing net
Armour
 c - a +0 cloak (worn)
 m - a +1 robe of fire resistance (worn)
 u - a +0 pair of gloves (worn)
Jewellery
 j - an uncursed ring of ice
 s - an uncursed ring of ice
 y - a +1 ring of evasion (left hand)
Wands
 b - a wand of disintegration (11)
 i - a wand of iceblast (6)
 A - a wand of acid (10)
Scrolls
 l - a scroll of magic mapping {unknown}
 o - a scroll of fear
 p - 4 scrolls of remove curse
 t - a scroll of teleportation {unknown}
 v - a scroll of enchant armour {unknown}
Potions
 g - 3 potions of flight
 k - a potion of lignification
 n - a potion of cancellation {unknown}
 q - a potion of heal wounds {unknown}
 r - 2 potions of ambrosia
 w - 3 potions of degeneration {unknown}
 x - 2 potions of haste {unknown}
Books
 z - a manual of Transmutations
Comestibles
 f - 12 rations


   Skills:
 + Level 2.9 Fighting
 + Level 4.1 Short Blades
 + Level 2.6 Throwing
 + Level 3.0 Dodging
 + Level 7.1 Stealth


You had 6 spell levels left.
You didn't know any spells.
Your spell library was empty.

Dungeon Overview and Level Annotations

Branches:
Dungeon (5/15)             Temple (1/1) D:4

Altars:
Fedhas
Hepliaklqana
Kikubaaqudgha
Makhleb
Qazlal
Ru
Trog
Uskayaw
Vehumet
Wu Jian
Yredelemnul
Zin
The Shining One

Annotations:
D:5 Dowan, Duvessa


Innate Abilities, Weirdness & Mutations

You have extremely sharp teeth.
Your natural rate of healing is unusually fast.
When hurt, damage is shared between your health and your magic reserves.
Your bite disrupts and absorbs the magic of your enemies.
Potions cannot restore your health.
You are immune to rotting.


Message History

Dowan points at you and mumbles some strange words.
The puff of frost misses you.
Duvessa hits you with a +2 rapier of electrocution!
Evoke which item? (* to show all) (? for menu, Esc to quit)
Aiming: Disintegrate
Press: ? - help, Shift-Dir - straight line, f - Duvessa
Aim: Duvessa, wielding a +2 rapier of electrocution and wearing a +0 leather armour (chance to defeat MR: 48%) Duvessa is blasted!
Duvessa hits you with a +2 rapier of electrocution.
You closely miss Duvessa. Your bite misses Duvessa.
Duvessa is heavily wounded.
Dowan gestures at Duvessa while chanting.
Duvessa seems to speed up.
Duvessa hits you with a +2 rapier of electrocution.
You are electrocuted!
You closely miss Duvessa. You bite Duvessa. You drain her power.
You feel invigorated.
Duvessa is heavily wounded.
Duvessa hits you but does no damage.
You are electrocuted!!
You die...

## #.
####################.
#.ee@.............##.
#.#######..........#.
........(..#######..#.
#.#.######### #....
...#. ####. #.. .e ##
... .. ..# .. ####
<....


You could see Duvessa and Dowan.

Vanquished Creatures
  An ogre (D:5)
  2 centaurs (D:4)
  A bullfrog (D:4)
  2 orc priests
  An orc wizard (D:3)
  3 worker ants (D:4)
  A worker ant zombie (D:5)
  3 adders (D:3)
  2 worms
  2 dart slugs
  A leopard gecko (D:3)
  14 orcs
  5 giant cockroaches
  8 goblins
  8 hobgoblins
  2 quokkas
  2 ball pythons
  4 bats
  10 frilled lizards
  3 kobolds
  10 rats
85 creatures vanquished.

Notes
Turn   | Place    | Note
-------+----------+-------------------------------------------
     0 | D:1      | Kairok the Vine Stalker Assassin began the quest for the
                  | Orb.
     0 | D:1      | Reached XP level 1. HP: 11/11 MP: 2/2
    65 | D:1      | Reached skill level 5 in Stealth
   101 | D:1      | Reached XP level 2. HP: 15/15 MP: 3/3
   151 | D:1      | You fall into a shaft and drop 1 floor!
   228 | D:2      | Found a sacrificial altar of Ru.
   764 | D:1      | Reached XP level 3. HP: 18/18 MP: 4/4
  1105 | D:2      | Found a glowing silver altar of Zin.
  1184 | D:2      | Found a faded altar of an unknown god.
  1415 | D:3      | Reached skill level 6 in Stealth
  1588 | D:3      | Gained mutation: Your natural rate of healing is unusually
                  | fast. [Vine Stalker growth]
  1588 | D:3      | Reached XP level 4. HP: 23/23 MP: 5/5
  1629 | D:3      | Reached skill level 1 in Dodging
  2076 | D:3      | Found an ornate altar of the Wu Jian Council.
  2076 | D:3      | Found a burning altar of Makhleb.
  2132 | D:4      | HP: 1/23 [poisoned by a worker ant]
  2355 | D:4      | Reached XP level 5. HP: 26/26 MP: 6/6
  2378 | D:4      | Found a stormy altar of Qazlal.
  2478 | D:4      | Reached XP level 6. HP: 10/32 MP: 2/7
  3018 | D:4      | Reached skill level 7 in Stealth
  3027 | D:4      | Reached XP level 7. HP: 12/35 MP: 8/8
  3660 | D:4      | Found a staircase to the Ecumenical Temple.
  3774 | Temple   | Entered the Ecumenical Temple
  3803 | Temple   | Became a worshipper of Uskayaw the Reveler
  3862 | D:5      | Entered Level 5 of the Dungeon
  3873 | D:5      | Reached * piety under Uskayaw
  3899 | D:5      | Reached ** piety under Uskayaw
  3905 | D:5      | Reached *** piety under Uskayaw
  4072 | D:5      | Noticed Dowan
  4078 | D:5      | Noticed Duvessa
  4090 | D:5      | Slain by Duvessa

Levels and vault maps discovered:
D:1:      minmay_arrival_five_plusses, layout_loops_corners,
          minmay_indecisive_spiral
D:2:      layout_rooms, nicolae_overflow_crystal_walls, lemuel_doored_altar,
          chequers_ecumenical_altar_simple_redux
D:3:      layout_basic, gammafunk_temple_overflow_elements
D:4:      layout_basic, nicolae_qazlal_eye_of_the_storm,
          minmay_temple_entry_fiery, first_ration, st_stairs_3,
          minmay_manual_mares
D:5:      layout_loops_ring, serial_shops, kennysheep_mini_moat, uniq_duvessa
Temple:   regret_index_temple_sphere_string

Skill      XL: |  1  2  3  4  5  6  7 |
---------------+----------------------+-----
Stealth        | 5 6 7 |  7.1
Short Blades   | 2 3 4 |  4.1
Dodging        | 1 2 3 |  3.0
Fighting       | 2 |  2.9
Throwing       | 2 |  2.6

Action                   |  1- 3 |  4- 6 |  7- 9 || total
-------------------------+-------+-------+-------++-------
Melee: Dagger            |    99 |   130 |    74 ||   303
       Bite              |    15 |    43 |    33 ||    91
Throw: Dart              |       |     9 |     3 ||    12
Evoke: Wand              |       |     1 |     1 ||     2
  Use: Scroll            |     4 |       |     2 ||     6
       Potion            |       |     2 |       ||     2
 Stab: Sleeping          |    13 |     3 |     1 ||    17
       Paralysed         |       |       |     1 ||     1
  Eat: Chunk             |     2 |     5 |       ||     7
       Ration            |       |       |     1 ||     1
Armor: Robe              |    18 |    19 |    11 ||    48
       Leather armour    |     1 |       |       ||     1
       Skin              |       |     6 |       ||     6
Dodge: Dodged            |    44 |    70 |    33 ||   147
